 Dungeon Crawl Stone Soup version 0.28-b1-1-g3c77fb2ed1 (webtiles) character file.

Game seed: 2208625565458192013

77 markar the Digger (level 3, -1/26 HPs)
             Began as a Demigod Earth Elementalist on Jan 31, 2022.
             Slain by a worm (10 damage)
             ... on level 2 of the Dungeon.
             The game lasted 00:02:40 (667 turns).

markar the Digger (Demigod Earth Elementalist)       Turns: 667, Time: 00:02:41

Health: -1/26      AC:  2    Str:  9    XL:     3   Next: 91%
Magic:  0/8        EV: 12    Int: 21    God:
Gold:   9          SH:  0    Dex: 14    Spells: 5/6 levels left

rFire   . . .      SeeInvis .   e - +2 dagger (venom)
rCold   . . .      Faith    .   (no shield)
rNeg    . . .      Spirit   .   b - +0 robe
rPois   .          Reflect  .   (no helmet)
rElec   .          Harm     .   (no cloak)
rCorr   .          Rampage  .   (no gloves)
Will    +....                   (no boots)
Stlth   ++........              (no amulet)
HPRegen 0.08/turn               f - ring of willpower
MPRegen 0.11/turn               (no ring)

@: no status effects
A: high mp 1, forlorn, divine attributes
a: no special abilities


You were on level 2 of the Dungeon.
You visited 1 branch of the dungeon, and saw 2 of its levels.

You collected 9 gold pieces.

Inventory:

Hand Weapons
 e - a +2 dagger of venom (weapon)
Missiles
 c - 42 stones
Armour
 b - a +0 robe (worn)
Jewellery
 f - a ring of willpower (left hand)
Scrolls
 a - 2 scrolls of blinking {unknown}
 d - a scroll of teleportation {unknown}


   Skills:
 - Level 0.3 Short Blades
 - Level 1.8 Dodging
 - Level 1.9 Stealth
 - Level 2.0 Spellcasting
 + Level 0.8 Transmutations
 + Level 4.2 Earth Magic


You had 5 spell levels left.
You knew the following spells:

 Your Spells              Type           Power      Damage    Failure   Level
a - Sandblast             Erth           40%        2d10      2%          1

Your spell library contained the following spells:

 Spells                   Type           Power      Damage    Failure   Level
 Passwall                 Tmut/Erth      10%        N/A       8%          2
 Stone Arrow              Conj/Erth      22%        3d8       19%         3
 Petrify                  Tmut/Erth      12%        N/A       45%         4


Dungeon Overview and Level Annotations

Branches:
Dungeon (1/15)


Innate Abilities, Weirdness & Mutations

You have an increased reservoir of magic. (+10% MP)
You shall have no god before yourself.
Your divine heritage dramatically boosts your attributes as you level up.


Message History

Items here: ( )) [.
You hit the goblin.
The goblin is poisoned.
The goblin is severely wounded.
You kill the goblin!
Casting: Sandblast (safe; 3% risk of failure)
Confirm with . or Enter, or press ? or * to list all spells.
Aiming: Sandblast (safe; 3% risk of failure)
Press: ? - help, Shift-Dir - straight line, f - orc wizard
Aim: an orc wizard, wielding a +0 dagger and wearing a +0 robe (74% to hit)
The blast of sand hits the orc wizard but does no damage.
Casting: Sandblast (safe; 3% risk of failure)
Confirm with . or Enter, or press ? or * to list all spells.
Aiming: Sandblast (safe; 3% risk of failure)
Press: ? - help, Shift-Dir - straight line, f/p - orc wizard
Aim: an orc wizard, wielding a +0 dagger and wearing a +0 robe (74% to hit)
The blast of sand hits the orc wizard!
The orc wizard is almost dead.
The orc wizard gestures at you while chanting.
The puff of flame hits you.
Casting: Sandblast (safe; 3% risk of failure)
Confirm with . or Enter, or press ? or * to list all spells.
Aiming: Sandblast (safe; 3% risk of failure)
Press: ? - help, Shift-Dir - straight line, f/p - orc wizard
Aim: an orc wizard, wielding a +0 dagger and wearing a +0 robe (almost dead, 74% to hit)
The blast of sand hits the orc wizard.
You kill the orc wizard!
Your Earth Magic skill increases to level 4!
Things that are here:
a +0 dagger; a goblin corpse
Casting: Sandblast (safe; 2% risk of failure)
Confirm with . or Enter, or press ? or * to list all spells.
Aiming: Sandblast (safe; 2% risk of failure)
Press: ? - help, Shift-Dir - straight line, f - worm
Aim: a worm (93% to hit)
The blast of sand hits the worm!
The worm is heavily wounded.
You hit the worm.
The worm is poisoned.
The worm is heavily wounded.
The worm bites you!
You die...

### .# #.# ... .# #†#
..# .# ##.#### ..# .#
#.....# #.##o# #..##.#
..)..# #..##.#
#o######### #...#.#
#.# #.....# #.#.#.#
#.###.###.# #@#.#.#
#.o.....#.######w....#
#####.#.....w))....###
#.###.##########
#.###.# #.o...#
#######


You could see a worm (poisoned).

Vanquished Creatures
  2 orc wizards (D:2)
  An orc (D:2)
  A bat (D:2)
  2 giant cockroaches (D:2)
  5 goblins (D:2)
  A hobgoblin (D:2)
  4 jackals (D:2)
  2 quokkas (D:2)
  A ball python (D:2)
  3 frilled lizards (D:2)
  2 rats (D:2)
24 creatures vanquished.

Notes
Turn   | Place    | Note
-------+----------+-------------------------------------------
     0 | D:1      | markar the Demigod Earth Elementalist began the quest for
                  | the Orb.
     0 | D:1      | Reached XP level 1. HP: 14/14 MP: 5/5
     4 | D:1      | You fall into a shaft and drop 1 floor!
   220 | D:2      | Reached skill level 3 in Earth Magic
   220 | D:2      | Reached XP level 2. HP: 20/20 MP: 4/7
   633 | D:2      | Reached XP level 3. HP: 12/26 MP: 0/8
   658 | D:2      | Reached skill level 4 in Earth Magic
   667 | D:2      | Slain by a worm

Illustrated notes

Levels and vault maps discovered:
D:1:      minmay_arrival_diagonal_passages, layout_rooms,
          shapermc_ecumenical_altar_hornbeckon, chequers_serial_rivers_micro_d
D:2:      layout_loops_cross, basic_altar, nrook_mini_backslash

Skill      XL: |  1  2  3 |
---------------+----------+-----
Spellcasting   | 2 |  2.0
Earth Magic    | 3 4 |  4.2
Short Blades   | |  0.3
Dodging        | |  1.8
Stealth        | |  1.9
Transmutations | |  0.8

Action                   || total
-------------------------++-------
Melee: Unarmed           ||     1
       Dagger            ||    15
 Cast: Sandblast         ||    30
 Stab: Sleeping          ||     1
Armor: Robe              ||     3
Dodge: Dodged            ||    10
